 Dungeon Crawl Stone Soup version 0.16.2-12-gd0ad4c3 (webtiles) character file.

214 Peloso the Shield-Bearer (level 5, -4/47 HPs)
             Began as a Minotaur Fighter on Oct 18, 2015.
             Slain by Peloso's ghost (7 damage)
             ... on level 3 of the Dungeon.
             The game lasted 00:07:27 (2280 turns).

Peloso the Shield-Bearer (Minotaur Fighter)         Turns: 2280, Time: 00:07:27

Health: -4/47      AC: 12    Str: 26    XL:     5   Next: 60%
Magic:  2/2        EV:  7    Int:  5    God:
Gold:   121        SH: 11    Dex: 14    Spells: 0 memorised, 4 levels left

rFire  . . .     SeeInvis .     a - +0 long sword
rCold  . . .     Clarity  .     g - +0 chain mail
rNeg   . . .     SustAb   .     c - +0 shield
rPois  .         Gourm    +     (helmet restricted)
rElec  .         Spirit   .     (no cloak)
rCorr  .         Warding  .     l - +1 pair of gloves
rMut   .         Stasis   .     (no boots)
MR     .....                    j - amulet of the gourmand
Stlth  ..........               (no ring)
                                o - +4 ring of dexterity

@: mighty, lethally poisoned (-4 -> -5), not resistant to hostile enchantments,
extremely unstealthy
A: retaliatory headbutt, horns 2
a: no special abilities


You were on level 3 of the Dungeon.
You were hungry.

You visited 1 branch of the dungeon, and saw 3 of its levels.

You collected 121 gold pieces.

Inventory:

Hand weapons
 a - a +0 long sword (weapon)
Armour
 b - a +0 scale mail
 c - a +0 shield (worn)
 g - a +0 chain mail (worn)
 l - a +1 pair of gloves (worn)
 y - a cursed +0 scale mail
Jewellery
 j - an amulet of the gourmand (around neck)
 o - a +4 ring of dexterity (left hand)
Magical devices
 w - a wand of disintegration (9)
Scrolls
 h - 2 scrolls of fear {unknown}
 k - 6 scrolls of identify {unknown}
 m - a scroll of recharging {unknown}
 x - a scroll of fog {unknown}
Potions
 f - a potion of experience {unknown}
 i - a potion of curing {unknown}
 n - a potion of restore abilities {unknown}
 p - a potion of ambrosia {unknown}
 q - a potion of poison {unknown}
 r - 2 potions of heal wounds {unknown}
 s - a potion of beneficial mutation {unknown}
 v - a potion of brilliance {unknown}
Comestibles
 d - 3 bread rations
 t - 7 chunks of flesh
 u - 4 fruits


   Skills:
 + Level 4.6 Fighting
 + Level 3.2 Long Blades
 + Level 5.1 Armour
 + Level 1.4 Dodging
 + Level 5.2 Shields


You had 4 spell levels left.
You didn't know any spells.

Dungeon Overview and Level Annotations

Branches:
Dungeon (3/15)

Altars:
Ashenzari
Trog

Annotations:
D:3 Peloso's ghost, average MiFi


Innate Abilities, Weirdness & Mutations

You reflexively headbutt those who attack you in melee.
You have a pair of horns on your head.


Message History

Peloso's ghost is moderately damaged.
You feel sick. Peloso's ghost hits you!
Drink which item? (? for menu, Esc to quit)
You feel very mighty all of a sudden. You block Peloso's ghost's attack.
You slash Peloso's ghost!
Peloso's ghost is heavily damaged.
Peloso's ghost hits you!
* * * LOW HITPOINT WARNING * * *
You feel sick.
You see here a poisoned needle.
You hit Peloso's ghost but do no damage.
You headbutt Peloso's ghost!
Peloso's ghost is severely damaged.
Peloso's ghost hits you.
* * * LOW HITPOINT WARNING * * *
Your shield and chain mail prevent you from hitting Peloso's ghost.
Peloso's ghost is severely damaged.
Peloso's ghost hits you!
You die...

#.##.#.....รท).#####.
#.##.#..#.#(#.# #.
#.##.#..#.#.#.# #.
#.......(.....# #.
#####.....##### #.
##..#...# #[
#..###..# #.
#...#...#########.
#@#...............
#W####.######[####
#K# #.# #.# #.# #.#
####.#### #.# #.#
#........ #.#
#.###.##.#### #..
#......#.# ##.
####...#.## .
###......###


You could see Peloso's ghost and a kobold.

Vanquished Creatures
  8 gnolls
  3 adders
  5 worms (D:2)
  6 giant geckos
  An ooze (D:1)
  A ball python (D:1)
  6 bats
  8 goblins
  14 hobgoblins
  5 jackals
  A quokka (D:3)
  2 giant cockroaches
  3 giant newts (D:1)
  12 kobolds
  7 rats
82 creatures vanquished.

Notes
Turn   | Place    | Note
--------------------------------------------------------------
     0 | D:1      | Peloso, the Minotaur Fighter, began the quest for the Orb.
     0 | D:1      | Reached XP level 1. HP: 19/19 MP: 1/1
    88 | D:1      | Reached skill level 4 in Shields
   137 | D:1      | Reached XP level 2. HP: 27/27 MP: 1/1
   901 | D:1      | Found a shattered altar of Ashenzari.
   919 | D:1      | Reached XP level 3. HP: 33/33 MP: 2/2
  1221 | D:2      | Reached XP level 4. HP: 40/40 MP: 2/2
  1256 | D:2      | Noticed a moth of wrath
  1258 | D:2      | Found a bloodstained altar of Trog.
  1961 | D:3      | Reached skill level 5 in Armour
  1963 | D:3      | Reached skill level 1 in Dodging
  1963 | D:3      | Reached XP level 5. HP: 34/47 MP: 2/2
  2075 | D:3      | Reached skill level 5 in Shields
  2261 | D:3      | Noticed Peloso's ghost (average MiFi)
  2279 | D:3      | HP: 2/47 [Peloso's ghost (3)]
  2280 | D:3      | Slain by Peloso's ghost

Action                   |  1- 3 |  4- 6 || total
-------------------------+-------+-------++-------
Melee: Long sword        |   112 |    89 ||   201
  Use: Potion            |       |     1 ||     1
  Eat: Chunk             |       |     4 ||     4
